 Dungeon Crawl Stone Soup version 0.29-a0-512-gf59ac788ac (webtiles) character file.

Game seed: 10893847545796532161

136 purpskrrrp the Covered (level 4, -1/40 HPs)
             Began as a Minotaur Fighter on May 30, 2022.
             Slain by a lemure (8 damage)
             ... led by Pikel
             ... on level 3 of the Dungeon.
             The game lasted 00:14:54 (2739 turns).

purpskrrrp the Covered (Minotaur Fighter)           Turns: 2739, Time: 00:14:55

Health: -1/40      AC: 12    Str: 23    XL:     4   Next: 98%
Magic:  3/3        EV:  6    Int: 11    God:
Gold:   104        SH: 12    Dex:  9    Spells: 3/3 levels left

rFire   . . .      SeeInvis .   s - +0 mace
rCold   . . .      Faith    .   y - +0 tower shield
rNeg    . . .      Spirit   .   b - +0 scale mail
rPois   .          Reflect  .   (helmet restricted)
rElec   .          Harm     .   p - +0 cloak
rCorr   .          Rampage  .   j - +0 pair of gloves
Will    .....                   A - +2 pair of boots "Futol" {Regen+}
Stlth   ..........              (no amulet)
HPRegen 0.93/turn               w - +6 ring of intelligence
MPRegen 0.08/turn               (no ring)

@: no status effects
A: horns 2, retaliatory headbutt
a: no special abilities


You were on level 3 of the Dungeon.
You visited 1 branch of the dungeon, and saw 4 of its levels.

You collected 104 gold pieces.

Inventory:

Hand Weapons
 a - a +0 long sword
 g - a +0 trident
 s - a +0 mace (weapon)
 t - a +0 long sword
 x - a +0 falchion
Missiles
 i - 2 poisoned darts (quivered)
 q - a throwing net
Armour
 b - a +0 scale mail (worn)
 c - a +0 buckler
 j - a +0 pair of gloves (worn)
 p - a +0 cloak (worn)
 y - a +0 tower shield (worn)
 A - the +2 pair of boots "Futol" (worn) {Regen+}
   (You found it on level 3 of the Dungeon)

   Regen:     It increases your rate of health regeneration.
Magical Staves
 z - a staff of poison
Jewellery
 w - a +6 ring of intelligence (left hand)
Wands
 B - a wand of polymorph (12)
Scrolls
 e - 5 scrolls of identify
 h - 3 scrolls of teleportation {unknown}
 k - 3 scrolls of fear {unknown}
 l - a scroll of enchant weapon {unknown}
 m - a scroll of amnesia {unknown}
 r - a scroll of poison {unknown}
 v - a scroll of immolation {unknown}
 C - a scroll of noise {unknown}
Potions
 d - a potion of might
 f - a potion of brilliance
 n - a potion of cancellation
 o - a potion of haste
 u - a potion of attraction {unknown}


   Skills:
 + Level 4.2 Fighting
 + Level 3.6 Long Blades
 + Level 0.1 Throwing
 + Level 4.5 Armour
 + Level 1.8 Dodging
 + Level 4.5 Shields


You had 3 spell levels left.
You didn't know any spells.
Your spell library contained the following spells:

 Spells                   Type           Power      Damage    Failure   Level
 Magic Dart               Conj           0%         1d3       100%        1
 Searing Ray              Conj           0%         2d4       100%        2
 Fulminant Prism          Conj/Hex       0%         3d6       100%        4


Dungeon Overview and Level Annotations

Branches:
Dungeon (4/15)
 Temple: D:4-7

Altars:

Shops:
D:2 :

Annotations:
D:3 Pikel


Innate Abilities, Weirdness & Mutations

You have a pair of horns on your head.
You reflexively headbutt those who attack you in melee.


Message History

Pikel says, "Hell isn't that bad."
You block Pikel's attack.
The lemure hits you but does no damage. x2
Pikel barely misses you. You furiously retaliate!
You headbutt Pikel. You hit Pikel but do no damage.
Pikel is moderately wounded.
The lemure hits you but does no damage. You block the lemure's attack.
Pikel barely misses you. You furiously retaliate!
You headbutt Pikel, but do no damage. You hit Pikel but do no damage.
Your headbutt misses Pikel.
Pikel is moderately wounded.
The lemure hits you but does no damage. You block the lemure's attack.
You block Pikel's attack. The lemure hits you but does no damage.
The lemure barely misses you. You furiously retaliate!
You headbutt the lemure!
Pikel hits you with a +0 whip of flaming.
Pikel burns you.
You hit Pikel. Your headbutt misses Pikel.
Pikel is heavily wounded.
The lemure barely misses you. The lemure hits you!
Pikel hits you but does no damage. The lemure barely misses you.
The lemure closely misses you. You block Pikel's attack.
You barely miss Pikel. You headbutt Pikel!
Pikel is heavily wounded.
The lemure hits you but does no damage. You block the lemure's attack.
Pikel hits you with a +0 whip of flaming.
Pikel burns you. The lemure hits you but does no damage. The lemure hits you.
You block Pikel's attack.
You barely miss Pikel. Your headbutt misses Pikel.
Pikel is heavily wounded.
The lemure hits you but does no damage. You block the lemure's attack.
Pikel hits you with a +0 whip of flaming!
* * * LOW HITPOINT WARNING * * *
Pikel burns you.
* * * LOW HITPOINT WARNING * * *
You closely miss Pikel. Your headbutt misses Pikel.
Pikel is heavily wounded.
You block the lemure's attack. The lemure hits you but does no damage.
You block Pikel's attack. The lemure hits you.
* * * LOW HITPOINT WARNING * * *
The lemure hits you!
You die...

.......#..#####.#
#.#
..######........#
#.# ..#
#.######## #.#
..# #.# ######.#
..# #.# #......#
..# #.# #.######
..# #.# #.# .##
#.# #K# .#
#.#######@# .#
#.......55# .#
########### .# ##


You could see Pikel and 2 lemures.

Vanquished Creatures
  A lemure (D:3)
  Robin (D:3)
  5 adders
  3 worms
  2 dart slugs
  4 bats
  4 endoplasms (D:2)
  3 giant cockroaches (D:2)
  9 goblins
  13 hobgoblins
  3 kobolds
  3 quokkas
  2 ball pythons
  A frilled lizard (D:2)
  10 rats
64 creatures vanquished.

Notes
Turn   | Place    | Note
-------+----------+-------------------------------------------
     0 | D:1      | purpskrrrp the Minotaur Fighter began the quest for the
                  | Orb.
     0 | D:1      | Reached XP level 1. HP: 19/19 MP: 0/0
   152 | D:1      | Reached XP level 2. HP: 27/27 MP: 1/1
   458 | D:1      | You fall into a shaft and drop 1 floor!
   463 | D:2      | Found Huhuann's Book Emporium.
   848 | D:2      | Reached XP level 3. HP: 13/33 MP: 2/2
  1680 | D:3      | Reached XP level 4. HP: 32/40 MP: 3/3
  1941 | D:3      | Identified the +2 pair of boots "Futol" {Regen+}
  2068 | D:3      | Reached skill level 1 in Dodging
  2217 | D:3      | Noticed Robin
  2299 | D:3      | Killed Robin
  2695 | D:4      | Noticed Pikel
  2695 | D:4      | Noticed a lemure
  2695 | D:4      | Noticed a lemure
  2695 | D:4      | Noticed a lemure
  2696 | D:4      | Noticed a lemure
  2718 | D:3      | Killed a lemure
  2739 | D:3      | Slain by a lemure

Illustrated notes

Levels and vault maps discovered:
D:1:      heliophobic_arrival_ceremonial_halls, layout_basic
D:2:      layout_rooms, serial_shops, nicolae_diamond_shop
D:3:      layout_loops_ring, uniq_robin
D:4:      layout_rooms, elyvilon_altar_3, nicolae_grassy_gnolls, uniq_pikel

Skill      XL: |  1  2  3  4 |
---------------+-------------+-----
Shields        | 4 |  4.5
Fighting       | 4 |  4.2
Long Blades    | 3 |  3.6
Armour         | 4 |  4.5
Dodging        | 1 |  1.8
Throwing       | |  0.1

Action                   |  1- 3 |  4- 6 || total
-------------------------+-------+-------++-------
Melee: Long sword        |    84 |       ||    84
       Headbutt          |    10 |    13 ||    23
       Mace              |    14 |    78 ||    92
       Unarmed           |       |     8 ||     8
Throw: Dart              |     6 |     1 ||     7
  Use: Scroll            |     3 |       ||     3
Armor: Scale mail        |    51 |    68 ||   119
       Skin              |       |     2 ||     2
Dodge: Dodged            |    51 |    34 ||    85
Block: Buckler           |    28 |     3 ||    31
       Tower shield      |       |    61 ||    61

Table legend: (Time is in decaauts)
 A = Elapsed time spent in this place.
 B = Non-inter-level travel time spent in this place.
 C = Inter-level travel time spent in this place.
 D = Time resting spent in this place.
 E = Time spent auto-exploring this place.
 F = Levels seen in this place.
 G = Mean time per level.
                   A        B        C        D        E       F      G
               +--------+--------+--------+--------+--------+-----+--------+
         Total |   2807 |   2380 |    427 |    398 |   1369 |   4 |  701.8 |
       Dungeon |   2807 |   2380 |    427 |    398 |   1369 |   4 |  701.8 |
               +--------+--------+--------+--------+--------+-----+--------+

Top non-repeatable levels by time:
     D:3: 1072 daAuts
     D:2: 911 daAuts
     D:1: 782 daAuts
     D:4: 41 daAuts
